SL
SEATTLE AVIATORS @ FT. WORTH CATTLEMEN
08/17/2026
 
TOP OF THE 1ST
Seattle Aviators batting - Pitching for Ft. Worth Cattlemen : RHP Nicholas Wells
Pitching: RHP Nicholas Wells
Batting: RHB Jonathan Widdop 0-0: Called Strike
0-1: Ball
1-1: Called Strike
1-2: Ball
2-2: Strikes out swinging
Batting: RHB Bobby Christopher 0-0: Ball
1-0: Called Strike
1-1: Ball
2-1: Ball
3-1: Fly out, F7 (Flyball, 78S)
Batting: LHB Kenny Webster 0-0: Ball
1-0: Ball
2-0: Foul Ball, location: 2F
2-1: Ball
3-1: Called Strike
3-2: Fly out, F8 (Flyball, 8RM)
Top of the 1st over - 0 run(s), 0 hit(s), 0 error(s), 0 left on base; Seattle 0 - Ft. Worth 0
BOTTOM OF THE 1ST
Ft. Worth Cattlemen batting - Pitching for Seattle Aviators : RHP John Woods
Pitching: RHP John Woods
Batting: SHB Robby Day 0-0: Called Strike
0-1: SINGLE (Line Drive, 89S)
Batting: SHB John Allen 0-0: Ground out 6-3 (Groundball, 6M)
Robby Day to second
Batting: RHB Bart Lewis 0-0: Ball
1-0: TRIPLE (Flyball, 9LD)
Robby Day scores
Batting: RHB Teruo Nakayama 0-0: Ball
1-0: Foul Ball, location: 2F
1-1: Ball
2-1: Ground out 6-3 (Groundball, 56)
Bart Lewis scores
Batting: LHB Ryan Westlake 0-0: Foul Ball, location: 2F
0-1: Ball
1-1: Ball
2-1: Foul Ball, location: 2F
2-2: Foul Ball, location: 2F
2-2: Ball
3-2: Ground out 4-3 (Groundball, 4)
Bottom of the 1st over - 2 run(s), 2 hit(s), 0 error(s), 0 left on base; Seattle 0 - Ft. Worth 2
TOP OF THE 2ND
Seattle Aviators batting - Pitching for Ft. Worth Cattlemen : RHP Nicholas Wells
Batting: LHB Jorge Mojica 0-0: Called Strike
0-1: DOUBLE (Groundball, 3D)
Batting: RHB John MacGregor 0-0: Ball
1-0: Called Strike
1-1: Ball
2-1: Foul Ball, location: 2F
2-2: Ball
3-2: Strikes out looking
Batting: LHB Tim Hargrove 0-0: Called Strike
0-1: Swinging Strike
0-2: Strikes out swinging
Batting: RHB Ethan Stanford 0-0: Foul Ball, location: 2F
0-1: Ball
1-1: Ball
2-1: SINGLE (Line Drive, 56D)
Jorge Mojica to third
Batting: RHB Jay Parker 0-0: Ball
1-0: SINGLE (Groundball, 4D)
Jorge Mojica scores
Ethan Stanford to second
Runner from 2nd tries for 3rd, SAFE, throw made to third
Batting: RHB Tynan Hawkins 0-0: Called Strike
0-1: Ball
1-1: Swinging Strike
1-2: Strikes out swinging
Top of the 2nd over - 1 run(s), 3 hit(s), 0 error(s), 2 left on base; Seattle 1 - Ft. Worth 2
BOTTOM OF THE 2ND
Ft. Worth Cattlemen batting - Pitching for Seattle Aviators : RHP John Woods
Batting: RHB Enrique Marroquín 0-0: Swinging Strike
0-1: Ball
1-1: Ball
2-1: Swinging Strike
2-2: Ground out 4-3 (Groundball, 4)
Batting: LHB Orlando Trevino 0-0: SINGLE (Groundball, 34D)
Batting: RHB Vernon Caw 0-0: Called Strike
0-1: Ball
1-1: Ball
2-1: Fly out, F9 (Flyball, 89M)
Batting: RHB Keith Best 0-0: Ball
1-0: Ball
2-0: Ball
3-0: Called Strike
3-1: Foul Ball, location: 2F
3-2: Ground out 4-3 (Groundball, 4M)
Bottom of the 2nd over - 0 run(s), 1 hit(s), 0 error(s), 1 left on base; Seattle 1 - Ft. Worth 2
TOP OF THE 3RD
Seattle Aviators batting - Pitching for Ft. Worth Cattlemen : RHP Nicholas Wells
Batting: RHB Jonathan Widdop 0-0: Ground out U3 (Groundball, 34)
Batting: RHB Bobby Christopher 0-0: Called Strike
0-1: Swinging Strike
0-2: Ball
1-2: Strikes out swinging
Batting: LHB Kenny Webster 0-0: Ball
1-0: Fly out, F6 (Line Drive, 6)
Top of the 3rd over - 0 run(s), 0 hit(s), 0 error(s), 0 left on base; Seattle 1 - Ft. Worth 2
BOTTOM OF THE 3RD
Ft. Worth Cattlemen batting - Pitching for Seattle Aviators : RHP John Woods
Batting: SHB Robby Day 0-0: Ball
1-0: Swinging Strike
1-1: Called Strike
1-2: Ball
2-2: Ball
3-2: Base on Balls
Batting: SHB John Allen 0-0: Foul Ball, location: 2F
0-1: Ball
1-1: Called Strike
1-2: Ball
2-2: Ground out 6-3 (Groundball, 6S)
Robby Day to second
Batting: RHB Bart Lewis 0-0: Intentional Walk
Batting: RHB Teruo Nakayama 0-0: Ball
1-0: Ball
2-0: Called Strike
2-1: Ball
3-1: Swinging Strike
3-2: Foul Ball, location: 2F
3-2: Fly out, F7 (Flyball, 7LD)
Batting: LHB Ryan Westlake 0-0: Called Strike
0-1: Foul Ball, location: 2F
0-2: Foul Ball, location: 2F
0-2: Strikes out looking
Bottom of the 3rd over - 0 run(s), 0 hit(s), 0 error(s), 2 left on base; Seattle 1 - Ft. Worth 2
TOP OF THE 4TH
Seattle Aviators batting - Pitching for Ft. Worth Cattlemen : RHP Nicholas Wells
Batting: LHB Jorge Mojica 0-0: Fly out, F7 (Flyball, 7S)
Batting: RHB John MacGregor 0-0: Ball
1-0: Ball
2-0: Ball
3-0: Called Strike
3-1: Base on Balls
Batting: LHB Tim Hargrove 0-0: Called Strike
0-1: Swinging Strike
0-2: Ball
1-2: Foul Ball, location: 2F
1-2: Fly out, F6 (Line Drive, 6M)
Batting: RHB Ethan Stanford 0-0: Ball
1-0: Swinging Strike
1-1: Ball
2-1: Fly out, F8 (Flyball, 8RS)
Top of the 4th over - 0 run(s), 0 hit(s), 0 error(s), 1 left on base; Seattle 1 - Ft. Worth 2
BOTTOM OF THE 4TH
Ft. Worth Cattlemen batting - Pitching for Seattle Aviators : RHP John Woods
Batting: RHB Enrique Marroquín 0-0: Ball
1-0: Ball
2-0: Called Strike
2-1: Swinging Strike
2-2: Foul Ball, location: 2F
2-2: Foul Ball, location: 2F
2-2: SINGLE (Line Drive, 56D)
Batting: LHB Orlando Trevino 0-0: Ball
1-0: SINGLE (Line Drive, 89S)
Enrique Marroquín to second
Runner from 2nd tries for 3rd, SAFE, throw made to third
Orlando Trevino to second
Batting: RHB Vernon Caw 0-0: Intentional Walk
Batting: RHB Keith Best 0-0: Called Strike
0-1: Ball
1-1: Foul Ball, location: 2F
1-2: Fly out, F8 (Flyball, 8LM)
Runner from 3rd tags up, SCORES, no throw
Batting: SHB Robby Day 0-0: Ball
1-0: Foul Ball, location: 2F
1-1: Swinging Strike
1-2: Strikes out swinging
Batting: SHB John Allen 0-0: Ball
1-0: Ball
2-0: Ball
3-0: Called Strike
3-1: Base on Balls
Orlando Trevino to third
Vernon Caw to second
Batting: RHB Bart Lewis 0-0: Ball
1-0: Ball
2-0: Ball
3-0: Called Strike
3-1: Foul Ball, location: 2F
3-2: Foul Ball, location: 2F
3-2: Strikes out looking
Bottom of the 4th over - 1 run(s), 2 hit(s), 0 error(s), 3 left on base; Seattle 1 - Ft. Worth 3
TOP OF THE 5TH
Seattle Aviators batting - Pitching for Ft. Worth Cattlemen : RHP Nicholas Wells
Batting: RHB Jay Parker 0-0: Ball
1-0: Called Strike
1-1: SINGLE (Groundball, 15S) (infield hit)
Batting: RHB Tynan Hawkins 0-0: Sac Bunt - play at first, batter safe!
Jay Parker to second
Batting: RHB Jonathan Widdop 0-0: Called Strike
0-1: Ball
1-1: Called Strike
1-2: Ball
2-2: Foul Ball, location: 2F
2-2: Fly out, F8 (Flyball, 8RS)
Batting: RHB Bobby Christopher 0-0: Called Strike
Jay Parker steals 3rd base
Tynan Hawkins to second
0-1: Called Strike
0-2: Strikes out swinging
Batting: LHB Kenny Webster 0-0: Called Strike
0-1: Foul Ball, location: 2F
0-2: Ball
1-2: Foul Ball, location: 2F
1-2: Foul Ball, location: 2F
1-2: Strikes out swinging
Top of the 5th over - 0 run(s), 2 hit(s), 0 error(s), 2 left on base; Seattle 1 - Ft. Worth 3
BOTTOM OF THE 5TH
Ft. Worth Cattlemen batting - Pitching for Seattle Aviators : RHP John Woods
Batting: RHB Teruo Nakayama 0-0: Called Strike
0-1: Called Strike
0-2: Foul Ball, location: 2F
0-2: Ground out U3 (Groundball, 34)
Batting: LHB Ryan Westlake 0-0: Ball
1-0: Foul Ball, location: 2F
1-1: Ball
2-1: Ball
3-1: Base on Balls
Batting: RHB Enrique Marroquín 0-0: Foul Ball, location: 2F
0-1: Fly out, F9 (Flyball, 9S)
Batting: LHB Orlando Trevino 0-0: Ball
1-0: Called Strike
1-1: Ball
2-1: SINGLE (Flyball, 7S)
Ryan Westlake to second
Batting: RHB Vernon Caw 0-0: Swinging Strike
0-1: Foul Ball, location: 2F
0-2: Foul Ball, location: 2F
0-2: Ball
1-2: Foul Ball, location: 2F
1-2: Foul Ball, location: 2F
1-2: Foul Ball, location: 2F
1-2: Strikes out looking
Bottom of the 5th over - 0 run(s), 1 hit(s), 0 error(s), 2 left on base; Seattle 1 - Ft. Worth 3
TOP OF THE 6TH
Seattle Aviators batting - Pitching for Ft. Worth Cattlemen : RHP Nicholas Wells
Batting: LHB Jorge Mojica 0-0: Foul Ball, location: 2F
0-1: Swinging Strike
0-2: Strikes out swinging
Batting: RHB John MacGregor 0-0: Ball
1-0: Foul Ball, location: 2F
1-1: Ball
2-1: Ball
3-1: Foul Ball, location: 2F
3-2: Foul Ball, location: 2F
3-2: Strikes out swinging
Batting: LHB Tim Hargrove 0-0: Ball
1-0: Ball
2-0: Ball
3-0: Base on Balls
Batting: RHB Ethan Stanford 0-0: Called Strike
Pickoff Throw to First - Out!
Top of the 6th over - 0 run(s), 0 hit(s), 0 error(s), 0 left on base; Seattle 1 - Ft. Worth 3
BOTTOM OF THE 6TH
Ft. Worth Cattlemen batting - Pitching for Seattle Aviators : RHP John Woods
Batting: RHB Keith Best 0-0: Foul Ball, location: 2F
0-1: Ball
1-1: Foul Ball, location: 2F
1-2: Ground out 6-3 (Groundball, 6D)
Pitching: RHP Bill Ball
Batting: SHB Robby Day 0-0: Ground out 4-3 (Groundball, 4)
Batting: SHB John Allen 0-0: Ball
1-0: Ground out U3 (Groundball, 3)
Bottom of the 6th over - 0 run(s), 0 hit(s), 0 error(s), 0 left on base; Seattle 1 - Ft. Worth 3
TOP OF THE 7TH
Seattle Aviators batting - Pitching for Ft. Worth Cattlemen : RHP Nicholas Wells
Batting: RHB Ethan Stanford 0-0: Foul Ball, location: 2F
0-1: SINGLE (Groundball, 56S) (infield hit)
Batting: RHB Jay Parker 0-0: Ball
1-0: Ball
2-0: Called Strike
2-1: Foul Ball, location: 2F
2-2: Grounds into double play, 6-4-3 (Groundball, 6)
Batting: RHB Tynan Hawkins 0-0: Ball
1-0: Ball
2-0: Fly out, F9 (Flyball, 9LSF)
Top of the 7th over - 0 run(s), 1 hit(s), 0 error(s), 0 left on base; Seattle 1 - Ft. Worth 3
BOTTOM OF THE 7TH
Ft. Worth Cattlemen batting - Pitching for Seattle Aviators : RHP Bill Ball
Batting: RHB Bart Lewis 0-0: Ball
1-0: Foul Ball, location: 2F
1-1: Ball
2-1: Foul Ball, location: 2F
2-2: Foul Ball, location: 2F
2-2: Foul Ball, location: 2F
2-2: Ball
3-2: Fly out, F9 (Flyball, 9D)
Batting: RHB Teruo Nakayama 0-0: Fly out, F9 (Flyball, 9LSF)
Batting: LHB Ryan Westlake 0-0: Ball
1-0: Called Strike
1-1: Ball
2-1: Foul Ball, location: 2F
2-2: Ball
3-2: Foul Ball, location: 2F
3-2: Ground out 4-3 (Groundball, 4)
Bottom of the 7th over - 0 run(s), 0 hit(s), 0 error(s), 0 left on base; Seattle 1 - Ft. Worth 3
TOP OF THE 8TH
Seattle Aviators batting - Pitching for Ft. Worth Cattlemen : RHP Nicholas Wells
Batting: RHB Jonathan Widdop 0-0: Ball
1-0: Ground out 6-3 (Groundball, 6)
Batting: RHB Bobby Christopher 0-0: Ball
1-0: Swinging Strike
1-1: Fly out, F8 (Flyball, 8LD)
Batting: LHB Kenny Webster 0-0: Fly out, F5 (Line Drive, 56)
Top of the 8th over - 0 run(s), 0 hit(s), 0 error(s), 0 left on base; Seattle 1 - Ft. Worth 3
BOTTOM OF THE 8TH
Ft. Worth Cattlemen batting - Pitching for Seattle Aviators : RHP Bill Ball
Batting: RHB Enrique Marroquín 0-0: Swinging Strike
0-1: Fly out, F7 (Flyball, 7S)
Batting: LHB Orlando Trevino 0-0: Ground out 4-3 (Groundball, 4)
Batting: RHB Vernon Caw 0-0: Swinging Strike
0-1: Ground out 6-3 (Groundball, 6)
Bottom of the 8th over - 0 run(s), 0 hit(s), 0 error(s), 0 left on base; Seattle 1 - Ft. Worth 3
TOP OF THE 9TH
Seattle Aviators batting - Pitching for Ft. Worth Cattlemen : RHP Nicholas Wells
Batting: LHB Jorge Mojica 0-0: Ball
1-0: Ball
2-0: Called Strike
2-1: Ball
3-1: Foul Ball, location: 2F
3-2: Fly out, F9 (Flyball, 9)
Batting: RHB John MacGregor 0-0: Ball
1-0: Ground out 6-3 (Groundball, 6)
Pitching: LHP Jason Horne
Batting: LHB Tim Hargrove 0-0: SOLO HOME RUN (Line Drive, 89XD), Distance : 431 ft
Batting: RHB Ethan Stanford 0-0: Ball
1-0: Ball
2-0: Ball
3-0: Base on Balls
Pinch Runner at 1st Juan Torres:
Batting: RHB Jay Parker 0-0: Ball
1-0: Swinging Strike
1-1: Ball
2-1: Fly out, F3 (Line Drive, 3)
Top of the 9th over - 1 run(s), 1 hit(s), 0 error(s), 1 left on base; Seattle 2 - Ft. Worth 3
Monday, March 20th, 2017 - OOTP Baseball 17.12 Build 75